 Dungeon Crawl Stone Soup version 0.27-a0-1193-g8631133539 (webtiles) character file.

Game seed: 17592565475757942934

285570 Delamore the Warrior (level 20, -12/154 HPs)
             Began as a Gargoyle Fighter on May 26, 2021.
             Was the Champion of Okawaru.
             Mangled by a guardian serpent (20 damage)
             ... on level 3 of the Abyss.
             The game lasted 00:57:45 (38344 turns).

Delamore the Warrior (Gargoyle Fighter)            Turns: 38344, Time: 00:57:46

Health: -12/154    AC: 46    Str: 31      XL:     20   Next: 61%
Magic:  18/26      EV:  7    Int:  9      God:    Okawaru [******]
Gold:   3731       SH: 35    Dex: 18 (20) Spells: 19/19 levels left

rFire    . . .     SeeInvis .   y - +9 eveningstar (venom)
rCold    + . .     Faith    .   o - +18 shield of the Gong {rElec rN+ Will+ EV-5}
rNeg     + + .     Spirit   .   p - +10 plate armour of Understanding {Dex+4}
rPois    ∞         Reflect  .   (no helmet)
rElec    +         Harm     .   q - +0 cloak {rC+}
rCorr    +         Rampage  +   K - +0 pair of gloves {Dex+3}
Will     ++...                  s - +2 pair of boots {rampage}
Stlth    ..........             w - amulet of regeneration
HPRegen  1.35/turn              G - ring "Soxor" {+Blink rCorr EV+4 Dex+4}
MPRegen  0.20/turn              f - +6 ring of strength

@: mighty, flying, very slightly contaminated, slowed, studying Stealth, very
slow
A: sickness immunity, AC +15, big wings, negative energy resistance 1,
electricity resistance, torment resistance 1, petrification resistance, dopey 1,
robust 1, weak 1
}: 2/15 runes: decaying, serpentine
a: Renounce Religion, Evoke Blink, Heroism, Finesse


You were on level 3 of the Abyss.
You worshipped Okawaru.
Okawaru was exalted by your worship.
You visited 7 branches of the dungeon, and saw 33 of its levels.
You visited the Abyss 1 time.
You also visited: Sewer, Bailey and Ice Cave.

You collected 5425 gold pieces.
You spent 1694 gold pieces at shops.

Inventory:

Hand Weapons
 u - the +5 demon whip "Spellbinder" {antimagic, Will+}
   (Okawaru gifted it to you on level 12 of the Dungeon)

   It reduces the magical energy of the wielder, and disrupts the spells and
   magical abilities of those hit.
   Natural abilities and divine invocations are not affected.
   It increases your willpower.
 y - a +9 eveningstar of venom (weapon)
Missiles
 D - 3 throwing nets
 P - 29 javelins (quivered)
Armour
 o - the +18 shield of the Gong (worn) {rElec rN+ Will+ EV-5}
   (You found it in a bailey)

   It affects your evasion (-5).
   It insulates you from electricity.
   It protects you from negative energy.
   It increases your willpower.
 p - the +10 plate armour of Understanding (worn) {Dex+4}
   (You took it off an orc warlord on level 2 of the Orcish Mines)

   It affects your dexterity (+4).
 q - a +0 cloak of cold resistance (worn)
 s - a +2 pair of boots of rampaging (worn)
 K - a +0 pair of gloves of dexterity (worn)
Jewellery
 e - the ring "Vohemnoj" {Fire rN+ rCorr Dex+4 SInv}
   (You found it on level 1 of the Vaults)

   [ring of fire]

   It enhances your fire magic.
   It affects your dexterity (+4).
   It protects you from fire.
   It makes you vulnerable to cold.
   It protects you from negative energy.
   It lets you see invisible.
   It protects you from acid and corrosion.
 f - a +6 ring of strength (right hand)
 j - the ring "Xoohucs" {Ice Will+ SInv}
   (You found it on level 1 of the Vaults)

   [ring of ice]

   It enhances your ice magic.
   It makes you vulnerable to fire.
   It protects you from cold.
   It lets you see invisible.
   It increases your willpower.
 w - an amulet of regeneration (around neck)
 G - the ring "Soxor" (left hand) {+Blink rCorr EV+4 Dex+4}
   (You found it on level 13 of the Dungeon)

   [ring of evasion]

   It affects your evasion (+4).
   It affects your dexterity (+4).
   It lets you blink.
   It protects you from acid and corrosion.
 W - a ring of protection from fire
Wands
 i - a wand of acid (15)
 r - a wand of digging (13)
 t - a wand of mindburst (14)
 x - a wand of flame (13)
 I - a wand of paralysis (26)
 V - a wand of iceblast (40)
Scrolls
 a - 4 scrolls of fear
 c - 8 scrolls of identify
 g - 2 scrolls of silence
 h - 15 scrolls of teleportation
 l - 2 scrolls of blinking
 n - a scroll of magic mapping
 z - 5 scrolls of fog
 B - 7 scrolls of enchant armour
 E - a scroll of torment
 F - 5 scrolls of immolation
 Q - a scroll of summoning
Potions
 b - 7 potions of heal wounds
 d - 16 potions of might
 k - 13 potions of curing
 m - 5 potions of haste
 v - a potion of mutation
 C - a potion of resistance
 H - 2 potions of berserk rage
 L - 4 potions of lignification
 M - 3 potions of invisibility
 N - 3 potions of magic
 R - 7 potions of cancellation
 T - 5 potions of ambrosia
Miscellaneous
 Y - a lightning rod (4/4)


   Skills:
 - Level 20.0 Fighting
 - Level 17.0 Maces & Flails
 - Level 10.0 Throwing
 - Level 10.0 Armour
 - Level 20.0 Shields
 - Level 8.0 Invocations
 + Level 8.7 Evocations


You had 19 spell levels left.
You didn't know any spells.
Your spell library contained the following spells:

 Spells                   Type           Power      Damage    Failure   Level
 Beastly Appendage        Tmut           0%         N/A       95%         1
 Corona                   Hex            0%         N/A       95%         1
 Foxfire                  Conj/Fire      0%         2x1d4     95%         1
 Pain                     Necr           0%         1d4       95%         1
 Shock                    Conj/Air       0%         1d3       95%         1
 Sting                    Tmut/Pois      0%         1d3       95%         1
 Summon Small Mammal      Summ           0%         N/A       95%         1
 Call Imp                 Summ           0%         N/A       99%         2
 Passwall                 Tmut/Erth      0%         N/A       99%         2
 Poisonous Vapours        Pois/Air       0%         N/A       99%         2
 Slow                     Hex            0%         N/A       99%         2
 Static Discharge         Conj/Air       0%         N/A       99%         2
 Call Canine Familiar     Summ           0%         N/A       100%        3
 Conjure Flame            Conj/Fire      0%         6-21      100%        3
 Ignite Poison            Fire/Tmut/Pois 0%         N/A       100%        3
 Inner Flame              Hex/Fire       0%         N/A       100%        3
 Mephitic Cloud           Conj/Pois/Air  0%         N/A       100%        3
 Portal Projectile        Hex/Tloc       0%         N/A       100%        3
 Summon Guardian Golem    Hex/Summ       0%         N/A       100%        3
 Swiftness                Air            0%         N/A       100%        3
 Airstrike                Air            0%         N/A       100%        4
 Cause Fear               Hex            0%         N/A       100%        4
 Ice Form                 Ice/Tmut       0%         N/A       100%        4
 Leda's Liquefaction      Hex/Erth       0%         N/A       100%        4
 Olgreb's Toxic Radiance  Pois           0%         N/A       100%        4
 Petrify                  Tmut/Erth      0%         N/A       100%        4
 Sticky Flame             Conj/Fire      0%         2d3       100%        4
 Summon Ice Beast         Ice/Summ       0%         N/A       100%        4
 Summon Lightning Spire   Summ/Air       0%         N/A       100%        4
 Alistair's Intoxication  Tmut/Pois      0%         N/A       100%        5
 Fireball                 Conj/Fire      0%         3d3       100%        5
 Hydra Form               Tmut           0%         N/A       100%        5
 Irradiate                Conj/Tmut      0%         3d14      100%        5
 Lightning Bolt           Conj/Air       0%         1d11      100%        5
 Blade Hands              Tmut           0%         N/A       100%        6
 Eringya's Noxious Bog    Tmut/Pois      0%         N/A       100%        6
 Freezing Cloud           Conj/Ice/Air   0%         6-21      100%        6
 Starburst                Conj/Fire      0%         8x6d3     100%        6
 Dragon Form              Tmut           0%         N/A       100%        7
 Spellforged Servitor     Conj/Summ      0%         N/A       100%        7
 Ignition                 Fire           0%         3d3       100%        8
 Shatter                  Erth           0%         3d5*      100%        9
 Tornado                  Air            0%         N/A       100%        9
 Sublimation of Blood     Necr           Unusable   N/A       N/A         2
 Statue Form              Tmut/Erth      Unusable   N/A       N/A         6

Dungeon Overview and Level Annotations

Branches:
Dungeon (15/15)            Temple (1/1) D:6            Lair (6/6) D:8
  Swamp (4/4) Lair:2        Snake (4/4) Lair:3        Slime (0/5) Lair:6
    Orc (2/2) D:9             Elf (0/3) Orc:2        Vaults (1/5) D:14
 Depths (0/5) D:15          Sewer (visited)          Bailey (visited)
  IceCv (visited)

Altars:
Ashenzari
Cheibriados
Dithmenos
Elyvilon
Fedhas
Gozag
Kikubaaqudgha
Nemelex Xobeh
Okawaru
Ru
Sif Muna
Trog
Uskayaw
Vehumet
Wu Jian
Xom
Yredelemnul
Zin
Beogh
Jiyva

Shops:
D:3 [*[!*   D:10 *:[=   Orc:2 *:=([

Annotations:
D:4 1 runed translucent door
D:15 2 runed translucent doors, Dolimn's ghost, journeyman DgFi


Innate Abilities, Weirdness & Mutations

You are immune to sickness and miasma.
Your stone body is resilient. (AC +15)
You are immune to poison.
Your large and strong wings let you fly.
You resist negative energy. (rN+)
You are resistant to electric shocks. (rElec)
You are resistant to unholy torment.
You are immune to petrification.
You are dopey. (Int -2)
You are robust. (+10% HP)
You are weak. (Str -2)


Message History

PANG!
You hear a shout!
You hear a roar! x4
You feel much better.
You block the guardian serpent's attack.
BOUMMMMG!
Something hits you!
* * * LOW HITPOINT WARNING * * *
You block the small abomination's attack.
BONNNG!
The thorn hunter hits you but does no damage.
You block the thorn hunter's attack.
PANG!
Something bites you but does no damage. You block something's attack.
BONNNG!
The guardian serpent hits you but does no damage.
Something hits you but does no damage.
The small abomination hits you but does no damage.
The thorn hunter hits you but does no damage.
You block the thorn hunter's attack.
GONNNNG!
Something bites you but does no damage. Something claws you but does no damage.
You hear a shout!
You hear a roar! x2
You hear some strange, mumbled words.
The thorn hunter blinks!
The small abomination hits you but does no damage.
You block the guardian serpent's attack.
SHROANNG!
Something hits you!
* * * LOW HITPOINT WARNING * * *
You block the thorn hunter's attack.
GONNNNG!
You block the thorn hunter's attack.
SHROANNG!
Something bites you but does no damage. Something claws you.
* * * LOW HITPOINT WARNING * * *
You are engulfed in flames!
* * * LOW HITPOINT WARNING * * *
You block the small abomination's attack.
BONNNG!
Something hits you!!
You die...

......#..........$..#
∩................._..
........$.............
#### ................
# ................
#..........#.#....
...........§§.# ..#
..........{Sx## ##
..∩.......@##
######....f#
.>....#..## ......##.
..#.#. . ##.... ..
#.#.. #. .. ..


You could see a thorn hunter, a guardian serpent and a small abomination.

Vanquished Creatures
  An eldritch tentacle (Vaults:1)
  A tentacled starspawn (Abyss:3)
  3 thorn hunters
  A sphinx (Vaults:1)
  Roxanne (Swamp:1)
  Kirke (Swamp:1)
  5 nagarajas (Snake:4)
  Agnes (D:15)
  A fenstrider witch (Swamp:4)
  4 vault wardens (Vaults:1)
  A fire giant (D:14)
  2 frost giants
  An orc warlord (Orc:2)
  Aizul (Snake:1)
  5 very ugly things
  A war gargoyle (Vaults:1)
  2 ironbound preservers (Vaults:1)
  The ghost of confidenceinterval the Cruncher, a journeyman DsIE of Gozag (Orc:1)
  Nessos (D:13)
  The ghost of kuniqs the Cleaver, a journeyman DgGl (Orc:2)
  Azrael (Snake:2)
  5 bunyips
  2 dire elephants (Vaults:1)
  The ghost of Berchol the Thaumaturge, a journeyman DgCj (Lair:5)
  5 eleionomae
  Josephine (Swamp:1)
  2 yaktaur captains (Vaults:1)
  Snorg (Orc:1)
  The ghost of Haestrico the Genius of the Arcane, a journeyman VSSu of Sif Muna (Lair:5)
  An ironbound thunderhulk (Vaults:1)
  Fannar (Lair:3)
  4 vault guards
  3 rakshasas
  The ghost of Veteran the Blocker, a journeyman FoFi of Okawaru (D:13)
  8 salamander tyrants
  12 naga warriors
  A catoblepas (Lair:3)
  An ice dragon (Lair:5)
  2 ghost crabs
  21 hydras
  3 boulder beetles
  2 ironbound frosthearts (Vaults:1)
  7 centaur warriors
  A merfolk avatar (Lair:6)
  The ghost of losten the Slicer, a journeyman DsGl of Okawaru (D:8)
  10 alligators
  2 spriggan air magi (Swamp:3)
  3 two-headed ogres
  3 death yaks (Lair:3)
  9 anacondas
  3 tengu warriors (D:15)
  An orc high priest (Orc:2)
  16 naga sharpshooters
  An ironbound beastmaster (Vaults:1)
  2 spriggan berserkers
  11 shock serpents
  Urug (Lair:5)
  5 salamander mystics
  5 goliath frogs
  A death drake (shapeshifter) (D:13)
  7 deep trolls (Vaults:1)
  A death drake (Swamp:4)
  14 swamp dragons
  6 spriggan druids
  10 naga ritualists
  12 harpies (Vaults:1)
  4 ironbound convokers (Vaults:1)
  2 deep elf pyromancers
  3 wizards
  7 orc knights
  A lindwurm (Lair:6)
  9 bog bodies
  A necromancer (Lair:2)
  11 mana vipers
  An orc sorcerer (Orc:2)
  8 will-o-the-wisps
  35 salamanders
  21 ugly things
  10 manticores
  5 cyclopes
  15 elephants
  18 naga magi
  7 guardian serpents
  43 black mambas
  5 vault sentinels (Vaults:1)
  An eye of devastation (shapeshifter) (D:14)
  An ice statue (IceCv)
  18 cane toads
  A gargoyle (D:12)
  5 rime drakes
  4 unseen horrors
  18 komodo dragons
  10 yaktaurs
  2 kobold demonologists (D:12)
  A tengu conjurer (D:15)
  An efreet (D:14)
  5 trolls
  A queen bee (D:13)
  3 meliai
  20 polar bears
  A bloated husk (Swamp:2)
  A wind drake (Lair:6)
  15 hornets
  14 blink frogs
  8 tyrant leeches
  18 slime creatures
  A meliai zombie (D:11)
  2 centaur simulacra (D:14)
  A redback (shapeshifter) (D:15)
  The ghost of kalamak the Digger, an amateur GrEE of Vehumet (D:4)
  5 wyverns
  A vampire (D:14)
  A water elemental (D:14)
  Sigmund (D:5)
  7 wraiths
  2 shadows
  14 spriggans
  4 hogs (Swamp:1)
  4 fire elementals
  3 basilisks
  32 yaks
  4 neqoxecs
  Grum (Lair:1)
  9 humans (D:14)
  A steam dragon (shapeshifter) (D:13)
  8 vampire mosquitoes
  2 acid dragons
  46 nagas
  11 swamp worms
  2 wargs
  23 water moccasins
  2 hell hounds
  5 black bears
  32 orc warriors
  5 swamp drakes
  2 ice beasts
  2 sky beasts
  6 boggarts
  7 ogres
  A phantom (D:5)
  18 wolves
  2 tengu (shapeshifter)
  27 centaurs
  6 kobold brigands
  A gnoll sergeant (D:9)
  A scorpion (shapeshifter) (D:13)
  A wyvern zombie (D:8)
  12 bullfrogs
  2 water moccasin zombies
  15 killer bees
  A howler monkey (shapeshifter) (D:13)
  5 howler monkeys
  3 electric eels (D:14)
  2 centaur zombies
  9 jellies
  15 orc priests
  A gnoll shaman (D:7)
  2 hounds (D:7)
  A bullfrog skeleton (D:7)
  4 iguanas (D:6)
  12 orc wizards
  4 yak simulacra (Lair:2)
  4 polar bear simulacra (Lair:2)
  A wolf simulacrum (Lair:2)
  A mummy (D:8)
  11 gnolls
  A howler monkey zombie (D:10)
  A gnoll (shapeshifter) (D:13)
  A howler monkey skeleton (D:5)
  7 adders
  2 river rats
  A white imp (D:7)
  An ufetubus (D:7)
  An adder skeleton (D:4)
  A worm (D:2)
  6 dart slugs
  78 orcs
  14 endoplasms
  5 giant cockroaches
  6 goblins
  8 hobgoblins
  15 jackals
  2 quokkas
  8 ball pythons
  5 bats
  2 frilled lizards
  18 kobolds
  9 rats
  2 river rat simulacra (Lair:2)
  A briar patch (Swamp:3)
  2 starspawn tentacles (Abyss:3)
1206 creatures vanquished.

Vanquished Creatures (collateral kills)
  A black mamba (Snake:3)
1 creature vanquished.

Vanquished Creatures (others)
  A thorn hunter (Swamp:3)
  An ogre mage (D:12)
  A spriggan (Swamp:1)
  A spriggan druid (Swamp:1)
  A salamander mystic (Snake:1)
  A swamp dragon (Swamp:4)
  3 bloated husks
  A hornet (Swamp:1)
  A hog (Swamp:2)
  2 swamp drakes (Swamp:4)
  A boggart (Vaults:1)
  An orc wizard (D:4)
  An orc (Orc:2)
  A quokka (D:9)
  6 briar patches (Swamp:3)
  10 foxfires
  23 fungi
  37 plants
  3 starspawn tentacles (Abyss:3)
  15 toadstools (D:7)
111 creatures vanquished.

Grand Total: 1318 creatures vanquished

Notes
Turn   | Place    | Note
-------+----------+-------------------------------------------
     0 | D:1      | Delamore the Gargoyle Fighter began the quest for the Orb.
     0 | D:1      | Reached XP level 1. HP: 14/14 MP: 1/1
    67 | D:1      | Reached XP level 2. HP: 17/19 MP: 2/2
   679 | D:1      | Found a faded altar of an unknown god.
   690 | D:1      | Reached XP level 3. HP: 21/24 MP: 3/3
  1829 | D:2      | Reached XP level 4. HP: 23/29 MP: 4/4
  2085 | D:3      | Found Woangut's Antique Armour Shop.
  2114 | D:3      | Found Ynuredegin's Assorted Antiques.
  2135 | D:3      | Bought a purple potion for 23 gold pieces
  2135 | D:3      | Bought a scroll labelled CUHYAT DEWO for 26 gold pieces
  2135 | D:3      | Bought a green potion for 23 gold pieces
  2173 | D:3      | Found Asolieprom's Armour Shoppe.
  2540 | D:3      | Found Uptom's Distillery.
  2555 | D:3      | Bought a potion of heal wounds for 55 gold pieces
  2555 | D:3      | Bought a potion of degeneration for 11 gold pieces
  2689 | D:3      | Found Zekhaod's Assorted Antiques.
  2827 | D:4      | Reached XP level 5. HP: 32/34 MP: 5/5
  2827 | D:4      | Found a runed translucent door.
  2830 | D:4      | Noticed kalamak's ghost (amateur GrEE)
  2858 | D:4      | Killed kalamak's ghost
  2859 | D:4      | Reached skill level 5 in Fighting
  2859 | D:4      | Reached skill level 5 in Maces & Flails
  2859 | D:4      | Reached XP level 6. HP: 16/40 MP: 6/6
  2892 | D:4      | Found a runed translucent door.
  3087 | D:4      | Found a glowing drain.
  3176 | Sewer    | Entered a sewer
  4086 | D:4      | Reached XP level 7. HP: 43/44 MP: 7/7
  4618 | D:4      | HP: 2/44 [black bear (2)]
  5273 | D:3      | Bought a scroll labelled RYRCHOBRYABE for 30 gold pieces
  5273 | D:3      | Bought a scroll labelled RENODD ATZEA for 30 gold pieces
  5321 | D:5      | Entered Level 5 of the Dungeon
  5345 | D:5      | HP: 1/44 [ogre/+0 giant spiked club (13)]
  5798 | D:5      | Noticed Sigmund
  5817 | D:5      | Killed Sigmund
  5818 | D:5      | Reached XP level 8. HP: 31/49 MP: 8/8
  6765 | D:6      | Found a hide-covered altar of Uskayaw.
  6996 | D:6      | Reached skill level 10 in Maces & Flails
  7265 | D:6      | Found a staircase to the Ecumenical Temple.
  7296 | Temple   | Entered the Ecumenical Temple
  7308 | Temple   | Became a worshipper of Warmaster Okawaru
  7392 | D:6      | Found a sacrificial altar of Ru.
  7401 | D:6      | Reached XP level 9. HP: 54/54 MP: 9/9
  7723 | D:6      | Noticed a hornet
  7736 | D:6      | Killed a hornet
  7755 | D:6      | HP: 1/54 [wraith (11)]
  7760 | D:6      | Reached * piety under Okawaru
  7856 | D:6      | Found a shimmering altar of Xom.
  7861 | D:6      | Found a basalt altar of Yredelemnul.
  8284 | D:7      | Reached skill level 1 in Invocations
  8568 | D:7      | Noticed a hornet
  8594 | D:8      | Killed a hornet
  8594 | D:8      | Reached ** piety under Okawaru
  8652 | D:8      | Found a snail-covered altar of Cheibriados.
  8698 | D:8      | Found a radiant altar of Vehumet.
  8702 | D:8      | Found an ancient bone altar of Kikubaaqudgha.
  8703 | D:8      | Found a shimmering blue altar of Sif Muna.
  8708 | D:8      | Identified Kikubaaqudgha's Incunabulum of Darkness
  8807 | D:7      | Reached XP level 10. HP: 59/59 MP: 12/12
  9751 | D:8      | Found a runed translucent gate.
  9751 | D:8      | Found a runed translucent gate.
  9752 | D:8      | Found a runed translucent gate.
  9755 | D:8      | Noticed losten's ghost (journeyman DsGl)
  9757 | D:8      | Found a viscous altar of Jiyva.
  9869 | D:8      | Reached skill level 5 in Armour
  9889 | D:8      | Reached skill level 5 in Shields
 10229 | D:8      | Found a staircase to the Lair.
 10277 | D:8      | Found an ornate altar of the Wu Jian Council.
 10576 | Lair:1   | Entered Level 1 of the Lair of Beasts
 10578 | Lair:1   | Noticed a cane toad
 10598 | D:8      | HP: 2/59 [cane toad (15)]
 10612 | D:8      | Killed a cane toad
 10750 | Lair:1   | Noticed a cane toad
 10767 | D:8      | Killed a cane toad
 10767 | D:8      | Reached *** piety under Okawaru
 10819 | Lair:1   | Noticed Grum
 10871 | Lair:1   | Killed Grum
 10970 | Lair:1   | Reached skill level 1 in Throwing
 10977 | Lair:1   | Noticed a cane toad
 10993 | Lair:1   | HP: 2/59 [cane toad (19)]
 10997 | Lair:1   | Killed a cane toad
 11081 | Lair:1   | Noticed a cane toad
 11091 | Lair:1   | Killed a cane toad
 11092 | Lair:1   | Reached XP level 11. HP: 63/63 MP: 13/13
 11105 | Lair:1   | Reached **** piety under Okawaru
 11572 | Lair:1   | Noticed a six-headed hydra
 11584 | Lair:1   | Killed a six-headed hydra
 12206 | D:3      | Bought a pair of runed gloves for 195 gold pieces
 12206 | D:3      | Bought a pair of embroidered gloves for 195 gold pieces
 12458 | Lair:2   | Found a staircase to the Swamp.
 12459 | Lair:2   | Noticed a bog body
 12476 | Lair:2   | Killed a bog body
 12808 | Lair:2   | Noticed a necromancer
 12811 | Lair:2   | Killed a necromancer
 13226 | Lair:2   | Reached skill level 5 in Throwing
 13240 | Lair:3   | Noticed Fannar
 13290 | Lair:3   | Noticed a five-headed hydra
 13301 | Lair:3   | Killed a five-headed hydra
 13301 | Lair:3   | Reached ***** piety under Okawaru
 13434 | Lair:2   | Received a gift from Okawaru
 13435 | Lair:2   | Reached skill level 10 in Shields
 13485 | Lair:3   | Noticed a catoblepas
 13551 | Lair:3   | Killed a catoblepas
 13552 | Lair:3   | Reached XP level 12. HP: 34/71 MP: 14/14
 13656 | Lair:3   | Found a staircase to the Snake Pit.
 13714 | Lair:3   | Noticed a six-headed hydra
 13725 | Lair:3   | Killed a six-headed hydra
 13939 | Lair:3   | Killed Fannar
 14053 | Lair:3   | Identified the +1 ring mail "Jomucej" {-Tele rN+ Int+4
                  | Dex+5}
 14110 | Lair:3   | Noticed a death yak
 14111 | Lair:3   | Noticed a death yak
 14112 | Lair:3   | Noticed a death yak
 14148 | Lair:3   | Killed a death yak
 14148 | Lair:3   | Received a gift from Okawaru
 14158 | Lair:3   | Killed a death yak
 14168 | Lair:3   | Killed a death yak
 14312 | Lair:3   | Noticed an eight-headed hydra
 14320 | Lair:3   | Killed an eight-headed hydra
 14744 | Lair:4   | Reached ****** piety under Okawaru
 14796 | Lair:4   | Identified a scroll of acquirement
 14796 | Lair:4   | Acquired 904 gold pieces
 14806 | Lair:4   | Identified the +5 falchion of Triumph {vorpal, Fly Will+}
 15006 | Lair:4   | Noticed a seven-headed hydra
 15013 | Lair:4   | Killed a seven-headed hydra
 15014 | Lair:4   | Reached skill level 10 in Fighting
 15086 | Lair:4   | Reached skill level 15 in Maces & Flails
 15210 | Lair:4   | Identified the Handbook of Moulding
 15237 | Lair:4   | Reached XP level 13. HP: 79/82 MP: 15/15
 15410 | Lair:4   | Received a gift from Okawaru
 15615 | Lair:5   | Found a runed translucent gate.
 15615 | Lair:5   | Found a runed translucent gate.
 15615 | Lair:5   | Found a runed translucent gate.
 15740 | Lair:5   | Acquired a +2 demon whip of electrocution
 16027 | Lair:5   | Noticed an ice dragon
 16056 | Lair:5   | Killed an ice dragon
 16202 | Lair:5   | Identified the +5 ring mail "Usidimol" {rC+ Int+6 Slay+3}
 16205 | Lair:5   | Identified the +6 war axe of the Silent Majority {protect,
                  | *Noise rPois Str+3 Int-4}
 16407 | Lair:5   | Noticed Urug
 16429 | Lair:5   | Killed Urug
 16659 | Lair:5   | Noticed Haestrico's ghost (journeyman VSSu)
 16659 | Lair:5   | Noticed Berchol's ghost (journeyman DgCj)
 16670 | Lair:6   | Entered Level 6 of the Lair of Beasts
 16836 | Lair:6   | Identified the +0 chain mail of Crawling {Will++ SInv}
                  | (Okawaru gifted it to you on level 6 of the Lair of Beasts)
 16836 | Lair:6   | Received a gift from Okawaru
 17300 | Lair:6   | Gained mutation: Your large and strong wings let you fly.
                  | [Gargoyle growth]
 17300 | Lair:6   | Reached XP level 14. HP: 88/88 MP: 16/16
 17353 | Lair:6   | Reached skill level 10 in Armour
 17659 | Lair:6   | Identified the +0 ring mail "Ohobi" {rCorr} (Okawaru gifted
                  | it to you on level 6 of the Lair of Beasts)
 17659 | Lair:6   | Received a gift from Okawaru
 17721 | Lair:6   | Found a staircase to the Slime Pits.
 17722 | Lair:6   | Found a viscous altar of Jiyva.
 17894 | Lair:6   | Identified the amulet of the Illusory Artisans {Spirit
                  | Will- rCorr Int+2 Stlth+}
 18146 | Lair:5   | Killed Berchol's ghost
 18161 | Lair:5   | Killed Haestrico's ghost
 18405 | D:9      | Found a staircase to the Orcish Mines.
 18546 | D:9      | Found a broken altar of Ashenzari.
 18641 | D:9      | Found a white marble altar of Elyvilon.
 18829 | D:9      | Found a bloodstained altar of Trog.
 19259 | D:9      | Acquired 813 gold pieces
 19295 | D:10     | Entered Level 10 of the Dungeon
 19417 | D:10     | Found an opulent altar of Gozag.
 19461 | D:10     | Found Wusmoosm's Jewellery Boutique.
 19467 | D:10     | Found Izeh's Armour Boutique.
 19477 | D:10     | Found Xajiemin's Book Shoppe.
 19826 | D:10     | Found Unakofo's General Store.
 19845 | D:10     | Bought a wand of iceblast (9) for 169 gold pieces
 19845 | D:10     | Bought a scroll of identify for 26 gold pieces
 20070 | D:11     | Found a flagged portal.
 20090 | Bailey   | Entered a bailey
 20371 | Bailey   | Found the +18 shield of the Gong {rElec rN+ Will+ EV-5}
 21020 | D:12     | Gained mutation: You are weak. (Str -2) [a neqoxec]
 21066 | D:12     | Received a gift from Okawaru
 21067 | D:12     | Found the +5 demon whip "Spellbinder" {antimagic, Will+}
 21104 | D:12     | Lost mutation: You are weak. (Str -2) [potion of mutation]
 21104 | D:12     | Gained mutation: You have an increased reservoir of magic.
                  | (+10% MP) [potion of mutation]
 21104 | D:12     | Gained mutation: You are frail. (-10% HP) [potion of
                  | mutation]
 21104 | D:12     | Gained mutation: You have large cloven feet. [potion of
                  | mutation]
 21105 | D:12     | Lost mutation: You are frail. (-10% HP) [potion of
                  | mutation]
 21105 | D:12     | Lost mutation: You have large cloven feet. [potion of
                  | mutation]
 21105 | D:12     | Gained mutation: You expend magic power (3 MP) to
                  | strengthen your wands. [potion of mutation]
 21105 | D:12     | Gained mutation: You have a pair of small antennae on your
                  | head. [potion of mutation]
 21349 | D:12     | Reached XP level 15. HP: 76/94 MP: 6/18
 21399 | D:12     | Identified the Disquisition on Creative Conjuration
 21960 | D:13     | Identified the ring "Soxor" {+Blink rCorr EV+4 Dex+4}
 21969 | D:13     | Found a runed translucent gate.
 21969 | D:13     | Found a runed translucent gate.
 21969 | D:13     | Found a runed translucent gate.
 21994 | D:13     | Noticed Nessos
 22009 | D:13     | Killed Nessos
 22225 | D:13     | Reached skill level 15 in Shields
 22276 | D:13     | Identified the +2 pair of boots "Silem" {rElec rC- Dex+4
                  | Slay+2} (Okawaru gifted it to you on level 13 of the
                  | Dungeon)
 22276 | D:13     | Received a gift from Okawaru
 23077 | D:14     | Found a sacrificial altar of Ru.
 23126 | D:14     | Found a gate to the Vaults.
 23703 | D:14     | Noticed a fire giant
 23716 | D:14     | Killed a fire giant
 23924 | D:15     | Entered Level 15 of the Dungeon
 23969 | D:15     | Noticed Agnes
 23971 | D:15     | Received a gift from Okawaru
 23987 | D:15     | Killed Agnes
 24096 | D:15     | Found a runed translucent door.
 24096 | D:15     | Noticed a lich
 24097 | D:15     | Noticed a sphinx
 24099 | D:15     | Noticed Dolimn's ghost (journeyman DgFi)
 24104 | D:15     | Found a runed translucent door.
 24190 | D:15     | Found a frozen archway.
 24202 | IceCv    | Entered an ice cave
 24405 | IceCv    | Noticed a frost giant
 24428 | IceCv    | Killed a frost giant
 24451 | IceCv    | Reached XP level 16. HP: 99/104 MP: 6/20
 25061 | D:15     | Reached skill level 10 in Throwing
 25105 | D:15     | Found a staircase to the Depths.
 25924 | Orc:1    | Entered Level 1 of the Orcish Mines
 25973 | Orc:1    | Noticed Snorg
 25990 | Orc:1    | Killed Snorg
 26038 | Orc:1    | Found a transporter.
 26040 | Orc:1    | Noticed confidenceinterval's ghost (journeyman DsIE)
 26043 | Orc:1    | Found a transporter.
 26054 | Orc:1    | Received a gift from Okawaru
 26126 | Orc:1    | Killed confidenceinterval's ghost
 26394 | Orc:2    | Entered Level 2 of the Orcish Mines
 26394 | Orc:2    | Found Nosehu's Armour Boutique.
 26458 | Orc:2    | Received a gift from Okawaru
 26460 | Orc:2    | Found an iron altar of Okawaru.
 26609 | Orc:2    | Reached skill level 15 in Fighting
 26946 | Orc:2    | Found Jiap's Jewellery Boutique.
 26946 | Orc:2    | Found Baelo's Book Shoppe.
 26946 | Orc:2    | Found Orphaipli's General Store.
 26949 | Orc:2    | Found Foklam's Antique Weapon Shop.
 26956 | Orc:2    | Bought a potion of lignification for 48 gold pieces
 26966 | Orc:2    | Bought a fading morningstar for 315 gold pieces
 26966 | Orc:2    | Identified the +6 morningstar of Wamoahig {chaos, Int+4}
                  | (You bought it in a shop on level 2 of the Orcish Mines)
 27232 | Orc:2    | Identified the +10 plate armour of Understanding {Dex+4}
 27234 | Orc:2    | Found a runed translucent gate.
 27235 | Orc:2    | Found a runed translucent gate.
 27235 | Orc:2    | Noticed kuniqs's ghost (journeyman DgGl)
 27236 | Orc:2    | Found a runed translucent gate.
 27238 | Orc:2    | Found a staircase to the Elven Halls.
 27251 | Orc:2    | Identified the amulet of Nemelex Xobeh's Regard {Spirit
                  | *Slow Int-4 Dex+6}
 27323 | Orc:2    | Killed kuniqs's ghost
 27582 | Swamp:1  | Entered Level 1 of the Swamp
 27766 | D:3      | Bought a potion of curing for 33 gold pieces
 27766 | D:3      | Bought a potion of cancellation for 88 gold pieces
 27766 | D:3      | Bought a potion of might for 44 gold pieces
 27766 | D:3      | Bought a potion of curing for 33 gold pieces
 27766 | D:3      | Bought 2 potions of heal wounds for 110 gold pieces
 27779 | D:3      | Bought a scroll of teleportation for 90 gold pieces
 27779 | D:3      | Bought a potion of heal wounds for 150 gold pieces
 27893 | D:8      | Killed losten's ghost
 27996 | Swamp:1  | Noticed Roxanne
 28022 | Swamp:1  | Killed Roxanne
 28041 | Swamp:1  | Noticed Josephine
 28059 | Swamp:1  | Killed Josephine
 28062 | Swamp:1  | Noticed a thorn hunter
 28076 | Swamp:1  | Killed a thorn hunter
 28077 | Swamp:1  | Reached skill level 5 in Invocations
 28471 | Swamp:1  | Received a gift from Okawaru
 28844 | Swamp:1  | Reached XP level 17. HP: 20/114 MP: 23/23
 29046 | Swamp:2  | Noticed Kirke
 29130 | Swamp:1  | Killed Kirke
 29202 | Swamp:1  | Received a gift from Okawaru
 29253 | Swamp:2  | Received a gift from Okawaru
 30269 | Swamp:4  | Entered Level 4 of the Swamp
 30538 | Swamp:4  | Identified the +0 kite shield "Runo" {rF+} (Okawaru gifted
                  | it to you on level 4 of the Swamp)
 30538 | Swamp:4  | Received a gift from Okawaru
 30747 | Swamp:4  | Reached XP level 18. HP: 117/125 MP: 26/26
 31074 | Swamp:4  | Got a decaying rune of Zot
 31273 | Snake:1  | Entered Level 1 of the Snake Pit
 31386 | Snake:1  | Found an ancient bone altar of Kikubaaqudgha.
 31638 | Snake:1  | Identified the +1 shortbow "Zaof Qump" {vorpal, Int+4}
 31982 | Snake:2  | Noticed Aizul
 32001 | Snake:1  | Killed Aizul
 32083 | Snake:2  | Received a gift from Okawaru
 32321 | Snake:2  | Found a glowing silver altar of Zin.
 32609 | Snake:2  | Identified the +7 chain mail of Lethargy {Harm rCorr Str-4
                  | Dex-5} (Okawaru gifted it to you on level 2 of the Snake
                  | Pit)
 32609 | Snake:2  | Received a gift from Okawaru
 32702 | Snake:2  | Identified the +0 kite shield of Onlumic {Harm +Inv rPois
                  | rC-}
 33492 | Snake:3  | Noticed Azrael
 33524 | Snake:2  | Killed Azrael
 33525 | Snake:2  | Reached XP level 19. HP: 104/135 MP: 9/27
 34445 | Snake:4  | Entered Level 4 of the Snake Pit
 34542 | Snake:4  | Found a bloodstained altar of Trog.
 34697 | Snake:4  | Identified the +1 ring mail "Ydeanaim" {Harm} (Okawaru
                  | gifted it to you on level 4 of the Snake Pit)
 34697 | Snake:4  | Received a gift from Okawaru
 35527 | Snake:4  | Got a serpentine rune of Zot
 36314 | Vaults:1 | Entered Level 1 of the Vaults
 36369 | Vaults:1 | Received a gift from Okawaru
 36373 | Vaults:1 | Reached skill level 1 in Evocations
 36660 | Vaults:1 | Reached XP level 20. HP: 134/140 MP: 9/28
 36999 | D:13     | Found a runed translucent gate.
 36999 | D:13     | Found a runed translucent gate.
 37000 | D:13     | Noticed Veteran's ghost (journeyman FoFi)
 37015 | D:13     | Found a runed translucent gate.
 37026 | D:13     | Killed Veteran's ghost
 37034 | D:13     | Gained mutation: You sometimes lose the ability to read
                  | scrolls when taking damage. [a neqoxec]
 37074 | D:13     | Lost mutation: You have a pair of small antennae on your
                  | head. [potion of mutation]
 37074 | D:13     | Lost mutation: You have an increased reservoir of magic.
                  | (+10% MP) [potion of mutation]
 37074 | D:13     | Gained mutation: Potions are less effective at restoring
                  | your health. [potion of mutation]
 37074 | D:13     | Gained mutation: Armour fits poorly on your strangely
                  | shaped body. [potion of mutation]
 37074 | D:13     | Lost mutation: Armour fits poorly on your strangely shaped
                  | body. [potion of mutation]
 37075 | D:13     | Lost mutation: You sometimes lose the ability to read
                  | scrolls when taking damage. [potion of mutation]
 37075 | D:13     | Lost mutation: Potions are less effective at restoring your
                  | health. [potion of mutation]
 37075 | D:13     | Lost mutation: You expend magic power (3 MP) to strengthen
                  | your wands. [potion of mutation]
 37075 | D:13     | Gained mutation: You are dopey. (Int -2) [potion of
                  | mutation]
 37075 | D:13     | Gained mutation: You are very dopey. (Int -4) [potion of
                  | mutation]
 37075 | D:13     | Gained mutation: You are somewhat resistant to further
                  | mutation. [potion of mutation]
 37338 | Vaults:1 | Reached skill level 5 in Evocations
 37420 | Vaults:1 | Received a gift from Okawaru
 37787 | Vaults:1 | Received a gift from Okawaru
 37854 | Vaults:1 | Found a transporter.
 37857 | Vaults:1 | Found the +3 hat of Pondering {ponderous, Will+ MP+10
                  | Int+5}
 37887 | Vaults:1 | Found a transporter.
 37913 | Vaults:1 | Gained mutation: Potions are less effective at restoring
                  | your health. [mutagenic glow]
 37960 | Vaults:1 | Gained mutation: Armour fits poorly on your strangely
                  | shaped body. [mutagenic glow]
 38030 | Vaults:1 | Identified the ring "Vohemnoj" {Fire rN+ rCorr Dex+4 SInv}
 38042 | Vaults:1 | Identified the ring "Xoohucs" {Ice Will+ SInv}
 38051 | Vaults:1 | Lost mutation: Potions are less effective at restoring your
                  | health. [potion of mutation]
 38051 | Vaults:1 | Lost mutation: You are very dopey. (Int -4) [potion of
                  | mutation]
 38051 | Vaults:1 | Lost mutation: You are somewhat resistant to further
                  | mutation. [potion of mutation]
 38051 | Vaults:1 | Gained mutation: You are strong-willed. (Will+) [potion of
                  | mutation]
 38052 | Vaults:1 | Lost mutation: Armour fits poorly on your strangely shaped
                  | body. [potion of mutation]
 38052 | Vaults:1 | Lost mutation: You are strong-willed. (Will+) [potion of
                  | mutation]
 38052 | Vaults:1 | Gained mutation: You are robust. (+10% HP) [potion of
                  | mutation]
 38311 | Vaults:1 | Cast into level 3 of the Abyss (a wizard)
 38311 | Abyss:3  | Found a corrupted altar of Lugonu.
 38325 | Abyss:3  | Gained mutation: You are weak. (Str -2) [a neqoxec]
 38341 | Abyss:3  | HP: 4/154 [thorn hunter/volley of thorns (7)]
 38344 | Abyss:3  | Mangled by a guardian serpent

Illustrated notes

Levels and vault maps discovered:
D:1:      minmay_arrival_cross, layout_rooms, ebering_ecumenical_altar_webs
D:2:      minmay_skewed_foursquare, layout_basic, lemuel_old_faithful
D:3:      layout_rooms, serial_shops, shop_fountains, shop_fountains, shop,
          nicolae_shop_behind_doors, shop_statue, minivault_14
D:4:      layout_basic, ebering_ghost_sewer_f, portal_sewer_entry_a
D:5:      layout_loops_ring, chequers_serial_rivers_small_a, fountainhead,
          minmay_misc_feat_x, grunt_ministairs_10,
          chequers_serial_rivers_micro_b, kennysheep_cross_bottleneck,
          uniq_sigmund
D:6:      layout_loops_corners, minitemple, eat_drink_and_be_merry_uskayaw,
          lemuel_round_altar, minmay_temple_entry_wispy, minmay_small_thing
D:7:      cheibrodos_fertilizer, layout_basic
D:8:      layout_layer_cave, grunt_temple_overflow_magic_moments,
          nzn_wu_jian_council_hall, slow_altar_1, lair_entry_dummy,
          gammafunk_ghost_ooze
D:9:      layout_cave_pools, elyvilon_altar_4, nicolae_ashenzari_panopticon,
          old_standard_altar, erik_orc_1, kennysheep_boxes
D:10:     layout_long_grid, grunt_gozag_breadcrumbs, serial_shops,
          nicolae_shop_behind_doors, shop, shop, shop
D:11:     layout_cave_pools, enter_bailey_4, nrook_mini_vaults,
          nrook_mini_backslash
D:12:     minmay_clustersquares, layout_basic, special_room [special_room_bee],
          kennysheep_generic_room_10
D:13:     layout_roguey, ploomutoo_gammafunk_ghost_potion_laboratory,
          uniq_nessos
D:14:     kennysheep_water_balloons, layout_stronghold,
          ximxim_vaults_locker_room, nicolae_ru_the_path_less_chosen
D:15:     grunt_enter_depths_snipers, layout_loops_corners,
          muffindrake_ghost_dual_entry, portal_ice_cave_entry_pillars_1,
          uniq_agnes
Temple:   dpeg_three_leaves_temple
Lair:1:   cheibrodos_lair_river_kwai, layout_chaotic_city, grunt_megastairs_3,
          uniq_grum
Lair:2:   layout_gridlike, skrybe_swamp_entry_bodies,
          chequers_serial_rivers_small_3, eino_house_with_fridge
Lair:3:   layout_roguey, guppyfry_snake_entry_garden, uniq_fannar
Lair:4:   layout_roguey, beast_lair_carwin_11
Lair:5:   dragon1_lemuel, layout_big_grid, gammafunk_ghost_cemetery,
          serial_bayou_shore_b, infiniplex_staircase_pool, serial_bayou_shore_b,
          serial_bayou_shore_a, uniq_urug
Lair:6:   gammafunk_lair_ancient_temple, layout_cellular_growth, slime_altar_1,
          kilobyte_rumbling_trees
Swamp:1:  layout_falls_marsh, evilmike_swamp_ruin_house_4, swamp_pool2,
          hangedman_swamp_wriggling, uniq_josephine, uniq_roxanne
Swamp:2:  layout_falls_marsh, evilmike_swamp_ruin_house_2, uniq_kirke
Swamp:3:  layout_basic_swamp, evilmike_swamp_ruin_house_5
Swamp:4:  swamp_basic_johnstein, layout_basic_swamp, swamp_pool4
Snake:1:  layout_onion, basic_altar, grunt_megastairs_1
Snake:2:  layout_onion, basic_altar, hangedman_snake_corridor_cut, uniq_aizul
Snake:3:  layout_basic, evilmike_ambush [evilmike_ambush_outer_doors,
          evilmike_ambush_inner_wall_2], uniq_azrael
Snake:4:  grunt_snake_rune_pools, layout_misc_corridors, basic_altar
Orc:1:    layout_caves, gammafunk_ghost_arena, sword_in_stone, uniq_snorg
Orc:2:    st_orc_rangers, layout_caves, serial_shops,
          nicolae_shop_competitors_out_of_business, biasface_ghost_orc_armoury,
          okawaru_metal_pillars_3
Vaults:1: vaults_mumra_lcd, v_misc_19, vaults_room_large_hall,
          nicolae_vaults_big_angled_halls, gammafunk_its_a_trap,
          vaults_room_corners, hangedman_vaults_cutoff, nicolae_vaults_big_ls,
          v_misc_16, hangedman_vaults_slice, grunt_vaults_hallway_long,
          dpeg_vaults_monster_box, nicolae_vaults_asterisk,
          nicolae_vaults_border_crossing, vaults_dpeg_cross,
          layout_vaults_omnibox
Abyss:3:  base: D:12, base: Orc:1, nicolae_abyss_rune_left_handed

Skill      XL: |  1  2  3  4  5  6  7  8  9 10 11 12 13 14 15 16 17 18 19 20 |
---------------+-------------------------------------------------------------+-----
Maces & Flails | 3 4 5 6 8 10 12 13 14 15 16 17 | 17.0
Fighting       | 4 5 6 10 11 13 15 18 20 | 20.0
Invocations    | 2 3 6 8 |  8.0
Armour         | 4 5 6 9 10 | 10.0
Shields        | 4 6 10 12 14 15 16 19 20 | 20.0
Throwing       | 2 5 6 9 10 | 10.0
Evocations     | 2 8 |  8.7

Action                   |  1- 3 |  4- 6 |  7- 9 | 10-12 | 13-15 | 16-18 | 19-21 || total
-------------------------+-------+-------+-------+-------+-------+-------+-------++-------
Melee: Flail             |   156 |    70 |       |       |       |       |       ||   226
       Mace              |       |   101 |   328 |   506 |       |       |       ||   935
       Morningstar       |       |       |       |   138 |    78 |       |       ||   216
       Demon whip        |       |       |       |       |  1374 |  1290 |  1342 ||  4006
       Eveningstar       |       |       |       |       |       |   495 |   110 ||   605
       Unarmed           |       |       |       |       |       |       |     4 ||     4
Throw: Dart              |       |       |    32 |    46 |     7 |       |       ||    85
       Boomerang         |       |       |     7 |     5 |       |       |       ||    12
       Javelin           |       |       |       |     7 |     6 |    14 |       ||    27
Invok: Heroism           |       |       |       |     8 |     3 |     2 |     4 ||    17
       Finesse           |       |       |       |       |       |       |     4 ||     4
Evoke: Wand              |       |       |       |    21 |       |       |       ||    21
  Use: Scroll            |     1 |     5 |     7 |     7 |    14 |     8 |     1 ||    43
       Potion            |       |     1 |     2 |     4 |     4 |       |     6 ||    17
 Stab: Confused          |       |       |       |       |     1 |       |       ||     1
       Distracted        |       |       |       |       |       |     1 |       ||     1
       Invisible         |       |       |       |       |       |       |     1 ||     1
Armor: Scale mail        |   126 |    96 |   225 |   170 |       |       |       ||   617
       Ring mail         |       |       |       |    44 |   417 |   102 |       ||   563
       Plate armour      |       |       |       |       |       |   579 |   291 ||   870
       Skin              |       |       |       |       |       |       |     9 ||     9
Dodge: Dodged            |    66 |    45 |   101 |   222 |   332 |   223 |    90 ||  1079
Block: Kite shield       |   125 |    90 |   143 |   340 |  1191 |  2400 |  1358 ||  5647

Table legend: (Time is in decaauts)
 A = Elapsed time spent in this place.
 B = Non-inter-level travel time spent in this place.
 C = Inter-level travel time spent in this place.
 D = Time resting spent in this place.
 E = Time spent auto-exploring this place.
 F = Levels seen in this place.
 G = Mean time per level.
                   A        B        C        D        E       F      G
               +--------+--------+--------+--------+--------+-----+--------+
         Total |  36403 |  32898 |   3505 |   3831 |  21428 |  37 |  983.9 |
       Dungeon |  17993 |  15818 |   2175 |   2509 |  10568 |  15 | 1199.5 |
        Temple |     27 |     10 |     17 |      0 |      5 |   1 |   27.0 |
          Lair |   7231 |   6405 |    826 |    573 |   4245 |   6 | 1205.2 |
         Swamp |   3004 |   2816 |    188 |    359 |   1681 |   4 |  751.0 |
     Snake Pit |   3997 |   3811 |    186 |    282 |   2444 |   4 |  999.2 |
  Orcish Mines |   1392 |   1305 |     87 |      0 |    883 |   2 |  696.0 |
        Vaults |   1260 |   1237 |     23 |     82 |    674 |   1 | 1260.0 |
         Abyss |     31 |     31 |      0 |      0 |      0 |   1 |   31.0 |
         Sewer |    617 |    617 |      0 |      0 |    452 |   1 |  617.0 |
        Bailey |    301 |    301 |      0 |     26 |    161 |   1 |  301.0 |
      Ice Cave |    546 |    546 |      0 |      0 |    314 |   1 |  546.0 |
               +--------+--------+--------+--------+--------+-----+--------+

Top non-repeatable levels by time:
     D:4: 2389 daAuts
     D:8: 1736 daAuts
    D:14: 1632 daAuts
     D:6: 1481 daAuts
  Lair:1: 1447 daAuts
     D:7: 1323 daAuts
  Lair:3: 1320 daAuts
Vaults:1: 1260 daAuts
     D:5: 1249 daAuts
  Lair:6: 1247 daAuts
 Snake:2: 1200 daAuts
  Lair:2: 1192 daAuts
     D:2: 1150 daAuts
  Lair:5: 1140 daAuts
    D:13: 1128 daAuts
